 Dungeon Crawl Stone Soup version 0.29-a0-512-gf59ac788ac (webtiles) character file.

Game seed: 13956683631558192333

147 Spectrina the Slasher (level 5, -1/46 HPs)
             Began as a Deep Elf Monk on May 30, 2022.
             Was an Initiate of Yredelemnul.
             Succumbed to a killer bee's poison
             ... on level 4 of the Dungeon.
             The game lasted 00:11:37 (1135 turns).

Spectrina the Slasher (Deep Elf Monk)               Turns: 1135, Time: 00:11:38

Health: -1/46      AC:  9    Str:  7 (10) XL:     5   Next: 7%
Magic:  7/7        EV: 10    Int: 14 (15) God:    Yredelemnul [......]
Gold:   100        SH:  0    Dex: 15 (17) Spells: 4/4 levels left

rFire   + . .      SeeInvis .   a - +0 falchion
rCold   . . .      Faith    .   (no shield)
rNeg    . . .      Spirit   .   k - +3 ring mail
rPois   .          Reflect  .   (no helmet)
rElec   .          Harm     .   (no cloak)
rCorr   .          Rampage  .   p - +0 pair of gloves
Will    .....                   (no boots)
Stlth   ..........              (no amulet)
HPRegen 0.15/turn               l - ring of protection from fire
MPRegen 0.10/turn               (no ring)

@: confused, berserking (expiring), lethally poisoned (-1 -> -31),
ambrosia-drunk, hasted, very quick
A: no striking features
a: Renounce Religion, Recall Undead Harvest


You were on level 4 of the Dungeon.
You worshipped Yredelemnul.
Yredelemnul was noncommittal.
You visited 2 branches of the dungeon, and saw 5 of its levels.

You collected 100 gold pieces.

Inventory:

Hand Weapons
 a - a +0 falchion (weapon)
 h - a +0 short sword of protection
 n - a +0 quarterstaff
Missiles
 j - 52 stones (quivered)
Armour
 b - a +0 robe
 i - a +0 ring mail
 k - a +3 ring mail (worn)
 p - a +0 pair of gloves (worn)
Magical Staves
 t - a staff of air
Jewellery
 l - a ring of protection from fire (left hand)
Scrolls
 d - a scroll of identify {unknown}
 o - a scroll of brand weapon {unknown}
Potions
 e - 2 potions of curing {unknown}
 m - a potion of lignification {unknown}
 q - a potion of heal wounds {unknown}
 s - a potion of might {unknown}


   Skills:
 - Level 2.4 Fighting
 * Level 4.6 Long Blades
 + Level 1.3 Armour
 - Level 3.6 Dodging
 + Level 3.3 Stealth


You had 4 spell levels left.
You didn't know any spells.
Your spell library was empty.

Dungeon Overview and Level Annotations

Branches:
Dungeon (4/15)             Temple (1/1) D:4

Altars:
Fedhas
Gozag
Kikubaaqudgha
Qazlal
Trog
Uskayaw
Wu Jian
Yredelemnul

Annotations:
D:4 Duvessa


Message History

Unknown command.
Unknown command.
You completely miss the killer bee.
You feel very sick. The killer bee stings you.
* * * LOW HITPOINT WARNING * * *
The killer bee stings you.
* * * LOW HITPOINT WARNING * * *
Unknown command.
The killer bee attacks as you move away!
The killer bee barely misses you.
* * * LOW HITPOINT WARNING * * *
You feel sick.
Unknown command.
You bump into the rock wall.
You feel a strong urge to attack something.
* * * LOW HITPOINT WARNING * * *
You feel sick.
The killer bee stings you but does no damage. x2
The killer bee stings you.
* * * LOW HITPOINT WARNING * * *
You are more poisoned.
The killer bee poisons you! The killer bee misses you. x2
The killer bee barely misses you.
Unknown command.
You barely miss the killer bee.
* * * LOW HITPOINT WARNING * * *
You feel very sick.
The killer bee stings you but does no damage.
The killer bee stings you.
* * * LOW HITPOINT WARNING * * *
The killer bee stings you.
* * * LOW HITPOINT WARNING * * *
You are more poisoned.
The killer bee poisons you!
Unknown command.
You are too berserk!
You barely miss the killer bee.
You die...
Your body rises from the dead as a mindless zombie.

##.#..##...#...##.....
#######...#............
#####....##......
##.>.#...... ##........
#Z.#...#. # #.Z##.##...
#.yy.....# #yy@...###
########


You could see 4 killer bees, a friendly endoplasm zombie and a friendly
hobgoblin zombie.

Vanquished Creatures
  Natasha (twice) (D:4)
  4 adders
  2 dart slugs
  4 ball pythons
  2 bats
  4 endoplasms
  A giant cockroach (D:1)
  A goblin (D:4)
  6 hobgoblins
  2 kobolds (D:1)
  2 quokkas (D:1)
  A frilled lizard (D:3)
  5 rats
36 creatures vanquished.

Vanquished Creatures (collateral kills)
  Natasha (D:4)
1 creature vanquished.

Grand Total: 37 creatures vanquished

Notes
Turn   | Place    | Note
-------+----------+-------------------------------------------
     0 | D:1      | Spectrina the Deep Elf Monk began the quest for the Orb.
     0 | D:1      | Reached XP level 1. HP: 13/13 MP: 3/3
    90 | D:2      | Reached skill level 3 in Long Blades
   180 | D:2      | Reached XP level 2. HP: 11/18 MP: 4/4
   319 | D:2      | Reached XP level 3. HP: 8/22 MP: 5/5
   364 | D:2      | Reached skill level 4 in Long Blades
   830 | D:3      | Reached XP level 4. HP: 25/27 MP: 6/6
   858 | D:4      | Noticed Natasha
   870 | D:4      | Killed Natasha
   871 | D:4      | Reached skill level 1 in Armour
   880 | D:4      | Noticed Natasha
   892 | D:4      | Killed Natasha
   912 | D:4      | Found a staircase to the Ecumenical Temple.
   922 | Temple   | Entered the Ecumenical Temple
   935 | Temple   | Became a worshipper of Yredelemnul the Dark
   935 | Temple   | Reached * piety under Yredelemnul
   935 | Temple   | Reached ** piety under Yredelemnul
   991 | D:4      | Noticed Duvessa
  1094 | D:4      | Noticed Natasha
  1104 | D:4      | Killed Natasha
  1105 | D:4      | Reached XP level 5. HP: 11/31 MP: 7/7
  1134 | D:4      | HP: 1/46 [killer bee (6)]
  1135 | D:4      | Succumbed to a killer bee's poison

Illustrated notes

Levels and vault maps discovered:
D:1:      matt_arrival_grand_opening, layout_loops_ring
D:2:      layout_loops_ring, shapermc_ecumenical_altar_petra
D:3:      layout_basic, st_stairs_13, grunt_ministairs_8, nrook_loot_triangle
D:4:      layout_cave_pools, minmay_temple_entry_statues_pillars,
          nicolae_ossuary_entry_catacombs, hangedman_decor_clover_reticule,
          uniq_natasha, uniq_duvessa
Temple:   nicolae_temple_the_god_donut

Skill      XL: |  1  2  3  4 |
---------------+-------------+-----
Long Blades    | 3 4 |  4.6
Armour         | 1 |  1.3
Stealth        | 3 |  3.3
Fighting       | |  2.4
Dodging        | |  3.6

Action                   |  1- 3 |  4- 6 || total
-------------------------+-------+-------++-------
Melee: Falchion          |   106 |    38 ||   144
       Punch             |     1 |       ||     1
Throw: Stone             |    28 |    14 ||    42
       Dart              |    11 |     2 ||    13
Invok: Dark Bargain      |       |     1 ||     1
  Use: Potion            |       |     4 ||     4
 Stab: Sleeping          |     3 |       ||     3
Armor: Ring mail         |    46 |    15 ||    61
Dodge: Dodged            |    57 |    30 ||    87

Table legend: (Time is in decaauts)
 A = Elapsed time spent in this place.
 B = Non-inter-level travel time spent in this place.
 C = Inter-level travel time spent in this place.
 D = Time resting spent in this place.
 E = Time spent auto-exploring this place.
 F = Levels seen in this place.
 G = Mean time per level.
                   A        B        C        D        E       F      G
               +--------+--------+--------+--------+--------+-----+--------+
         Total |   1151 |   1075 |     76 |      0 |      0 |   5 |  230.2 |
       Dungeon |   1121 |   1045 |     76 |      0 |      0 |   4 |  280.2 |
        Temple |     29 |     29 |      0 |      0 |      0 |   1 |   29.0 |
               +--------+--------+--------+--------+--------+-----+--------+

Top non-repeatable levels by time:
     D:2: 407 daAuts
     D:4: 254 daAuts
     D:1: 242 daAuts
     D:3: 217 daAuts
  Temple: 29 daAuts
